[ AOE2 MATCH · #456943373 ]
UnrankedKhmer vs Burgundians
[ REPLAY ANALYSIS · EXTRACTED FROM THE RECORDED GAME ]
Feudal
10:54
Castle
13:50
Imperial
32:20
| APM avg | 42.8 |
| APM peak | 90 |
| eAPM avg | 23.2 |
| Villagers / military | 151 / 301 |
Focus
⚔️ 25.4% · 🌾 74.6%
Scorpion ×146 · Scout Cavalry ×121 · Knight ×26 · Battering Ram ×5 · Monk ×2 · Trebuchet (Packed) ×1
Feudal
10:02
Castle
17:17
Imperial
31:03
| APM avg | 50.0 |
| APM peak | 94 |
| eAPM avg | 27.7 |
| Villagers / military | 132 / 312 |
Focus
⚔️ 34.2% · 🌾 65.8%
Skirmisher ×142 · Spearman ×114 · Scout Cavalry ×25 · Monk ×22 · Trebuchet (Packed) ×5 · Scorpion ×4
Feudal
12:17
Castle
18:02
Imperial
32:13
| APM avg | 26.2 |
| APM peak | 113 |
| eAPM avg | 14.9 |
| Villagers / military | 103 / 272 |
Focus
⚔️ 48.0% · 🌾 52.0%
Skirmisher ×157 · Knight ×114 · Monk ×1
Feudal
9:40
Castle
14:36
Imperial
26:01
| APM avg | 21.7 |
| APM peak | 52 |
| eAPM avg | 13.0 |
| Villagers / military | 86 / 111 |
Focus
⚔️ 31.0% · 🌾 69.0%
Scout Cavalry ×64 · Bombard Cannon ×20 · Genoese Crossbowman ×16 · Battering Ram ×7 · Mangonel ×2 · Monk ×1
Feudal
11:17
Castle
14:55
Imperial
33:00
| APM avg | 26.7 |
| APM peak | 52 |
| eAPM avg | 14.4 |
| Villagers / military | 133 / 135 |
Focus
⚔️ 23.0% · 🌾 77.0%
Spearman ×113 · Bombard Cannon ×13 · Scorpion ×7 · Monk ×2
Feudal
9:31
Castle
14:12
Imperial
34:00
| APM avg | 68.0 |
| APM peak | 114 |
| eAPM avg | 29.5 |
| Villagers / military | 145 / 189 |
Focus
⚔️ 21.4% · 🌾 78.6%
Steppe Lancer ×107 · Scout Cavalry ×40 · Mangudai ×36 · Monk ×2 · Petard ×2 · Trebuchet (Packed) ×2
Feudal
10:59
Castle
21:00
Imperial
27:46
| APM avg | 25.4 |
| APM peak | 55 |
| eAPM avg | 18.9 |
| Villagers / military | 106 / 233 |
Focus
⚔️ 38.2% · 🌾 61.8%
Spearman ×192 · Militia ×35 · Trebuchet (Packed) ×6
Feudal
12:24
Castle
16:19
Imperial
37:14
| APM avg | 19.5 |
| APM peak | 54 |
| eAPM avg | 12.1 |
| Villagers / military | 134 / 72 |
Focus
⚔️ 27.9% · 🌾 72.1%
Archer ×28 · Serjeant ×22 · Battering Ram ×13 · Spearman ×7 · Petard ×2
Match map
Initial resources + every placement click. Lines = walls · curves = elevation contours. ◆ gold · ⬟ stone · ● berries · ✦ relic · ◌ wall gap
Your base· ✓ Closed at 13:50 · 0t walls · 2 gate(s)
beNi's base· ✓ Closed at 17:17 · 0t walls · 3 gate(s)
malabarr7's base· ✓ Closed at 18:02 · 0t walls · 3 gate(s)
Pépé's base· ✓ Closed at 14:36 · 0t walls · 2 gate(s)
Only llorar's base· ✓ Closed at 14:55 · 0t walls · 3 gate(s)
bigil's base· ✓ Closed at 14:12 · 0t walls · 3 gate(s)
Eclipse's base· ✓ Closed at 21:00 · 15t walls · 4 gate(s)
djsuperguillermo's base· ✓ Closed at 16:19 · 0t walls · 2 gate(s)
Smoothed initial terrain · ◌ = detected wall gap · hover for details
Inputs per minute
— Mecánico - - beNi
Build order — Mecánico
First 150 of 389 actions detected
| 0:02 | Create | Villager (Male) |
| 0:03 | Create | Villager (Male) |
| 0:03 | Create | Villager (Male) |
| 0:03 | Create | Villager (Male) |
| 0:05 | Build | House |
| 0:06 | Build | House |
| 1:28 | Create | Villager (Male) |
| 1:28 | Create | Villager (Male) |
| 1:50 | Build | Lumber Camp |
| 2:02 | Create | Villager (Male) |
| 2:21 | Create | Villager (Male) |
| 2:21 | Create | Villager (Male) |
| 2:50 | Create | Villager (Male) |
| 2:50 | Create | Villager (Male) |
| 3:01 | Create | Villager (Male) |
| 3:15 | Build | House |
| 3:47 | Create | Villager (Male) |
| 3:47 | Create | Villager (Male) |
| 4:29 | Build | House |
| 4:31 | Build | House |
| 4:31 | Build | House |
| 4:40 | Create | Villager (Male) |
| 5:17 | Create | Villager (Male) |
| 5:17 | Create | Villager (Male) |
| 5:17 | Create | Villager (Male) |
| 5:27 | Create | Villager (Male) |
| 5:28 | Create | Villager (Male) |
| 5:42 | Create | Villager (Male) |
| 5:48 | Create | Villager (Male) |
| 6:15 | Create | Villager (Male) |
| 6:16 | Create | Villager (Male) |
| 7:04 | Create | Villager (Male) |
| 7:04 | Create | Villager (Male) |
| 7:04 | Create | Villager (Male) |
| 7:16 | Build | Mining Camp |
| 7:17 | Create | Villager (Male) |
| 7:49 | Create | Villager (Male) |
| 8:39 | Build | Mill |
| 8:44 | Research | Feudal Age |
| 8:55 | Build | Mill |
| 10:54 | Age | Feudal Age |
| 11:10 | Research | Castle Age |
| 11:49 | Research | Double-Bit Axe |
| 11:53 | Build | Farm |
| 12:02 | Build | Farm |
| 12:04 | Build | Farm |
| 12:22 | Research | Horse Collar |
| 12:54 | Build | Farm |
| 13:50 | Age | Castle Age |
| 13:54 | Build | Monastery |
| 13:58 | Create | Villager (Male) |
| 14:03 | Create | Villager (Male) |
| 14:07 | Build | Farm |
| 14:08 | Build | Farm |
| 14:13 | Build | Farm |
| 14:18 | Create | Monk |
| 14:21 | Create | Villager (Male) |
| 14:24 | Build | Farm |
| 14:27 | Build | Farm |
| 14:43 | Create | Villager (Male) |
| 14:51 | Build | Farm |
| 15:01 | Create | Villager (Male) |
| 15:07 | Build | Farm |
| 15:16 | Build | Farm |
| 15:27 | Create | Villager (Male) |
| 15:27 | Create | Villager (Male) |
| 15:33 | Build | House |
| 15:41 | Create | Villager (Male) |
| 15:57 | Create | Villager (Male) |
| 16:02 | Create | Villager (Male) |
| 16:24 | Build | Town Center |
| 16:28 | Create | Villager (Male) |
| 16:30 | Create | Villager (Male) |
| 16:38 | Create | Villager (Male) |
| 16:51 | Create | Villager (Male) |
| 17:03 | Create | Villager (Male) |
| 17:07 | Build | House |
| 17:09 | Build | House |
| 17:20 | Create | Monk |
| 17:27 | Create | Villager (Male) |
| 17:28 | Create | Villager (Male) |
| 17:41 | Build | House |
| 17:48 | Create | Villager (Male) |
| 17:53 | Build | Farm |
| 17:54 | Build | Farm |
| 17:55 | Build | Farm |
| 17:56 | Build | Farm |
| 17:56 | Build | Farm |
| 17:58 | Build | Farm |
| 18:10 | Create | Villager (Male) |
| 18:10 | Create | Villager (Male) |
| 18:12 | Build | Farm |
| 18:15 | Create | Villager (Male) |
| 18:22 | Build | Farm |
| 18:25 | Create | Villager (Male) |
| 18:25 | Create | Villager (Male) |
| 18:25 | Create | Villager (Male) |
| 18:27 | Create | Villager (Male) |
| 18:37 | Create | Villager (Male) |
| 18:37 | Create | Villager (Male) |
| 18:39 | Create | Villager (Male) |
| 18:39 | Create | Villager (Male) |
| 19:04 | Create | Villager (Male) |
| 19:05 | Create | Villager (Male) |
| 19:18 | Build | Town Center |
| 19:20 | Create | Villager (Male) |
| 19:21 | Create | Villager (Male) |
| 19:26 | Create | Villager (Male) |
| 19:32 | Create | Villager (Male) |
| 19:41 | Create | Villager (Male) |
| 19:42 | Create | Villager (Male) |
| 19:45 | Build | House |
| 19:46 | Build | House |
| 19:47 | Build | House |
| 19:52 | Create | Villager (Male) |
| 20:02 | Research | Bow Saw |
| 20:07 | Create | Villager (Male) |
| 20:25 | Create | Villager (Male) |
| 20:25 | Create | Villager (Male) |
| 20:31 | Research | Heavy Plow |
| 20:38 | Research | Wheelbarrow |
| 20:39 | Create | Villager (Male) |
| 20:44 | Create | Villager (Male) |
| 20:46 | Create | Villager (Male) |
| 20:49 | Create | Villager (Male) |
| 21:01 | Create | Villager (Male) |
| 21:02 | Create | Villager (Male) |
| 21:13 | Create | Villager (Male) |
| 21:15 | Create | Villager (Male) |
| 21:16 | Create | Villager (Male) |
| 21:21 | Build | Farm |
| 21:23 | Create | Villager (Male) |
| 21:33 | Build | Farm |
| 21:41 | Create | Villager (Male) |
| 21:43 | Create | Villager (Male) |
| 21:56 | Build | Farm |
| 21:56 | Build | Farm |
| 22:02 | Build | Farm |
| 22:04 | Create | Villager (Male) |
| 22:05 | Create | Villager (Male) |
| 22:09 | Build | Stable |
| 22:10 | Build | Stable |
| 22:18 | Create | Villager (Male) |
| 22:18 | Create | Villager (Male) |
| 22:34 | Create | Villager (Male) |
| 22:35 | Create | Villager (Male) |
| 22:40 | Build | Stable |
| 22:41 | Build | Stable |
| 22:44 | Research | Bloodlines |
| 22:49 | Create | Villager (Male) |
Build order — beNi
First 150 of 529 actions detected
| 0:02 | Create | Villager (Male) |
| 0:02 | Create | Villager (Male) |
| 0:03 | Create | Villager (Male) |
| 0:06 | Build | House |
| 0:12 | Build | House |
| 0:24 | Create | Villager (Male) |
| 0:33 | Build | House |
| 0:54 | Build | House |
| 1:26 | Build | Lumber Camp |
| 1:32 | Create | Villager (Male) |
| 2:12 | Create | Villager (Male) |
| 2:34 | Create | Villager (Male) |
| 3:02 | Create | Villager (Male) |
| 3:25 | Create | Villager (Male) |
| 3:57 | Create | Villager (Male) |
| 4:15 | Create | Villager (Male) |
| 4:32 | Build | Mill |
| 4:50 | Create | Villager (Male) |
| 4:50 | Create | Villager (Male) |
| 5:11 | Create | Villager (Male) |
| 5:11 | Create | Villager (Male) |
| 5:12 | Create | Villager (Male) |
| 5:17 | Create | Villager (Male) |
| 5:28 | Research | Loom |
| 5:30 | Create | Villager (Male) |
| 6:31 | Create | Villager (Male) |
| 6:32 | Create | Villager (Male) |
| 6:56 | Create | Villager (Male) |
| 7:20 | Create | Villager (Male) |
| 7:20 | Create | Villager (Male) |
| 7:22 | Create | Villager (Male) |
| 7:52 | Research | Feudal Age |
| 8:05 | Build | Barracks |
| 8:14 | Create | Villager (Male) |
| 8:32 | Build | House |
| 8:33 | Build | House |
| 8:41 | Create | Villager (Male) |
| 9:27 | Build | Mill |
| 9:35 | Create | Villager (Male) |
| 9:46 | Build | Mining Camp |
| 10:02 | Age | Feudal Age |
| 10:04 | Create | Spearman |
| 10:06 | Create | Villager (Male) |
| 10:06 | Create | Villager (Male) |
| 10:15 | Research | Double-Bit Axe |
| 10:18 | Create | Villager (Male) |
| 10:31 | Research | Horse Collar |
| 10:56 | Create | Villager (Male) |
| 10:56 | Create | Villager (Male) |
| 11:33 | Build | Stable |
| 11:42 | Create | Villager (Male) |
| 11:42 | Create | Villager (Male) |
| 11:45 | Build | Farm |
| 11:51 | Build | Farm |
| 11:51 | Create | Villager (Male) |
| 12:17 | Create | Villager (Male) |
| 12:21 | Build | Farm |
| 12:54 | Build | Market |
| 12:57 | Create | Villager (Male) |
| 12:58 | Create | Villager (Male) |
| 13:13 | Build | Farm |
| 13:15 | Build | Farm |
| 13:16 | Create | Villager (Male) |
| 13:44 | Create | Villager (Male) |
| 13:52 | Build | Farm |
| 13:57 | Build | Farm |
| 14:04 | Create | Villager (Male) |
| 14:37 | Research | Castle Age |
| 15:10 | Create | Spearman |
| 15:22 | Create | Spearman |
| 15:41 | Create | Villager (Male) |
| 16:44 | Build | Farm |
| 17:17 | Age | Castle Age |
| 17:20 | Build | Town Center |
| 17:24 | Create | Villager (Male) |
| 17:25 | Create | Villager (Male) |
| 17:32 | Build | Lumber Camp |
| 17:37 | Research | Bow Saw |
| 17:39 | Research | Heavy Plow |
| 17:51 | Create | Villager (Male) |
| 18:22 | Create | Villager (Male) |
| 18:31 | Create | Villager (Male) |
| 18:41 | Create | Villager (Male) |
| 18:46 | Build | Monastery |
| 18:58 | Create | Villager (Male) |
| 19:03 | Build | Blacksmith |
| 19:09 | Build | House |
| 19:10 | Build | House |
| 19:14 | Create | Villager (Male) |
| 19:14 | Create | Villager (Male) |
| 19:19 | Create | Monk |
| 19:33 | Build | Archery Range |
| 19:36 | Create | Villager (Male) |
| 19:36 | Create | Villager (Male) |
| 19:38 | Research | Gold Mining |
| 19:46 | Create | Villager (Male) |
| 19:46 | Create | Villager (Male) |
| 20:04 | Create | Villager (Male) |
| 20:04 | Create | Villager (Male) |
| 20:07 | Build | Lumber Camp |
| 20:08 | Create | Villager (Male) |
| 20:27 | Build | Siege Workshop |
| 20:36 | Create | Villager (Male) |
| 20:36 | Create | Villager (Male) |
| 20:54 | Build | Mill |
| 20:55 | Build | Farm |
| 20:55 | Build | Farm |
| 20:56 | Build | Farm |
| 20:57 | Build | Farm |
| 21:01 | Create | Scorpion |
| 21:01 | Create | Scorpion |
| 21:07 | Create | Skirmisher |
| 21:16 | Create | Monk |
| 21:27 | Create | Villager (Male) |
| 21:27 | Create | Villager (Male) |
| 21:47 | Build | Farm |
| 21:48 | Build | Farm |
| 21:49 | Build | Farm |
| 21:51 | Build | Farm |
| 21:59 | Build | University |
| 22:00 | Build | House |
| 22:05 | Create | Villager (Male) |
| 22:05 | Create | Villager (Male) |
| 22:15 | Create | Scorpion |
| 22:16 | Create | Scorpion |
| 22:18 | Create | Villager (Male) |
| 22:18 | Create | Villager (Male) |
| 22:24 | Create | Skirmisher |
| 22:24 | Create | Skirmisher |
| 22:24 | Create | Skirmisher |
| 22:30 | Build | Archery Range |
| 22:38 | Research | Fletching |
| 22:39 | Research | Padded Archer Armor |
| 22:44 | Create | Villager (Male) |
| 22:44 | Create | Villager (Male) |
| 22:46 | Build | House |
| 22:51 | Build | House |
| 22:55 | Create | Villager (Male) |
| 23:01 | Research | Ballistics |
| 23:20 | Create | Villager (Male) |
| 23:20 | Create | Villager (Male) |
| 23:20 | Create | Villager (Male) |
| 23:24 | Create | Villager (Male) |
| 23:24 | Create | Villager (Male) |
| 23:33 | Build | Mill |
| 23:33 | Build | Farm |
| 23:34 | Build | Farm |
| 23:34 | Build | Farm |
| 23:34 | Build | Farm |
| 23:35 | Build | Farm |
Build order — malabarr7
First 150 of 535 actions detected
| 0:03 | Build | House |
| 0:05 | Build | House |
| 0:05 | Create | Villager (Male) |
| 0:06 | Create | Villager (Male) |
| 0:06 | Create | Villager (Male) |
| 0:06 | Create | Villager (Male) |
| 0:06 | Create | Villager (Male) |
| 1:54 | Create | Villager (Male) |
| 2:47 | Create | Villager (Male) |
| 2:48 | Create | Villager (Male) |
| 3:44 | Create | Villager (Male) |
| 3:45 | Create | Villager (Male) |
| 3:47 | Build | Lumber Camp |
| 4:06 | Create | Villager (Male) |
| 4:06 | Create | Villager (Male) |
| 4:06 | Create | Villager (Male) |
| 4:06 | Create | Villager (Male) |
| 4:47 | Create | Villager (Male) |
| 4:47 | Create | Villager (Male) |
| 4:56 | Build | House |
| 4:58 | Build | House |
| 5:32 | Create | Villager (Male) |
| 5:44 | Create | Villager (Male) |
| 5:44 | Create | Villager (Male) |
| 6:02 | Create | Villager (Male) |
| 6:03 | Create | Villager (Male) |
| 6:26 | Research | Double-Bit Axe |
| 6:35 | Create | Villager (Male) |
| 7:16 | Build | Mill |
| 7:35 | Research | Wheelbarrow |
| 7:35 | Research | Loom |
| 8:32 | Build | Mining Camp |
| 9:13 | Research | Feudal Age |
| 10:16 | Research | Horse Collar |
| 10:20 | Research | Gold Mining |
| 10:33 | Build | House |
| 11:57 | Create | Villager (Male) |
| 11:57 | Create | Villager (Male) |
| 12:04 | Create | Villager (Male) |
| 12:17 | Age | Feudal Age |
| 12:30 | Build | Market |
| 12:35 | Build | Blacksmith |
| 12:50 | Build | Farm |
| 12:53 | Build | Farm |
| 13:13 | Build | Farm |
| 13:50 | Build | Farm |
| 14:08 | Build | Farm |
| 14:10 | Build | Farm |
| 14:13 | Build | Farm |
| 14:20 | Create | Villager (Male) |
| 14:31 | Build | Farm |
| 14:51 | Build | Farm |
| 14:54 | Build | Farm |
| 15:22 | Research | Castle Age |
| 15:25 | Research | Bow Saw |
| 16:28 | Build | Farm |
| 16:31 | Build | Farm |
| 16:41 | Research | Heavy Plow |
| 17:09 | Build | House |
| 17:19 | Create | Villager (Male) |
| 17:19 | Create | Villager (Male) |
| 17:20 | Create | Villager (Male) |
| 17:22 | Create | Villager (Male) |
| 18:02 | Age | Castle Age |
| 18:06 | Build | Town Center |
| 18:12 | Build | Town Center |
| 18:21 | Create | Villager (Male) |
| 18:32 | Build | Farm |
| 18:37 | Build | Farm |
| 18:41 | Build | Farm |
| 18:42 | Create | Villager (Male) |
| 18:43 | Create | Villager (Male) |
| 19:37 | Build | Farm |
| 19:46 | Create | Villager (Male) |
| 20:00 | Create | Villager (Male) |
| 20:01 | Create | Villager (Male) |
| 20:01 | Create | Villager (Male) |
| 20:16 | Create | Villager (Male) |
| 20:16 | Create | Villager (Male) |
| 20:16 | Create | Villager (Male) |
| 20:17 | Create | Villager (Male) |
| 20:22 | Create | Villager (Male) |
| 20:22 | Create | Villager (Male) |
| 20:29 | Build | Farm |
| 20:31 | Build | Farm |
| 20:40 | Build | Farm |
| 20:43 | Build | Farm |
| 20:48 | Build | Farm |
| 21:05 | Research | Stone Mining |
| 21:08 | Create | Villager (Male) |
| 21:09 | Create | Villager (Male) |
| 21:16 | Create | Villager (Male) |
| 21:16 | Create | Villager (Male) |
| 21:16 | Create | Villager (Male) |
| 21:41 | Build | Barracks |
| 21:43 | Build | House |
| 21:53 | Create | Villager (Male) |
| 21:53 | Create | Villager (Male) |
| 21:54 | Create | Villager (Male) |
| 21:55 | Create | Villager (Male) |
| 21:55 | Create | Villager (Male) |
| 21:56 | Create | Villager (Male) |
| 21:56 | Create | Villager (Male) |
| 22:03 | Build | House |
| 22:06 | Build | House |
| 22:08 | Build | House |
| 22:09 | Build | House |
| 23:08 | Build | Stable |
| 23:10 | Build | Stable |
| 23:14 | Build | Stable |
| 23:25 | Create | Villager (Male) |
| 23:26 | Create | Villager (Male) |
| 23:40 | Build | Farm |
| 23:47 | Build | Farm |
| 23:50 | Build | Farm |
| 23:52 | Build | Farm |
| 23:56 | Build | Farm |
| 24:00 | Build | Farm |
| 24:06 | Build | House |
| 24:07 | Build | House |
| 24:10 | Build | House |
| 24:18 | Research | Forging |
| 24:19 | Research | Scale Barding Armor |
| 24:22 | Create | Villager (Male) |
| 24:22 | Create | Villager (Male) |
| 24:24 | Create | Villager (Male) |
| 24:24 | Create | Villager (Male) |
| 24:24 | Create | Villager (Male) |
| 24:27 | Create | Villager (Male) |
| 24:29 | Create | Villager (Male) |
| 24:29 | Create | Villager (Male) |
| 24:29 | Create | Villager (Male) |
| 24:48 | Research | Cavalier (upgrade) |
| 24:49 | Create | Knight |
| 24:50 | Create | Knight |
| 24:58 | Build | Farm |
| 25:14 | Create | Knight |
| 25:14 | Create | Knight |
| 25:16 | Research | Husbandry |
| 25:40 | Research | Iron Casting |
| 26:24 | Build | House |
| 26:25 | Build | House |
| 26:26 | Build | House |
| 26:27 | Build | House |
| 26:28 | Build | House |
| 26:29 | Build | House |
| 26:55 | Build | University |
| 27:03 | Build | Monastery |
| 27:48 | Create | Villager (Male) |
| 27:48 | Create | Villager (Male) |
Build order — Pépé
First 150 of 339 actions detected
| 0:01 | Create | Villager (Male) |
| 0:01 | Create | Villager (Male) |
| 0:02 | Create | Villager (Male) |
| 0:02 | Build | House |
| 0:04 | Build | House |
| 0:26 | Create | Villager (Male) |
| 1:24 | Create | Villager (Male) |
| 1:50 | Build | Lumber Camp |
| 1:58 | Create | Villager (Male) |
| 2:32 | Create | Villager (Male) |
| 2:45 | Build | House |
| 2:47 | Build | House |
| 3:18 | Create | Villager (Male) |
| 3:18 | Create | Villager (Male) |
| 3:36 | Create | Villager (Male) |
| 4:07 | Create | Villager (Male) |
| 4:43 | Create | Villager (Male) |
| 4:43 | Create | Villager (Male) |
| 5:09 | Build | Mill |
| 5:32 | Create | Villager (Male) |
| 5:32 | Create | Villager (Male) |
| 5:45 | Create | Villager (Male) |
| 6:09 | Create | Villager (Male) |
| 6:45 | Build | House |
| 6:46 | Build | House |
| 6:47 | Build | House |
| 6:51 | Build | Mining Camp |
| 7:30 | Research | Feudal Age |
| 9:00 | Create | Villager (Male) |
| 9:02 | Create | Villager (Male) |
| 9:40 | Age | Feudal Age |
| 9:53 | Research | Double-Bit Axe |
| 10:03 | Build | Market |
| 10:26 | Create | Villager (Male) |
| 10:30 | Build | Blacksmith |
| 10:41 | Build | Farm |
| 11:33 | Build | Farm |
| 11:36 | Build | Farm |
| 11:54 | Build | Farm |
| 11:56 | Research | Castle Age |
| 12:01 | Build | House |
| 12:03 | Build | House |
| 12:04 | Build | House |
| 12:27 | Research | Horse Collar |
| 12:37 | Build | Farm |
| 13:00 | Build | Farm |
| 13:03 | Build | Farm |
| 13:06 | Research | Loom |
| 13:15 | Create | Villager (Male) |
| 13:29 | Build | Barracks |
| 14:09 | Research | Wheelbarrow |
| 14:10 | Research | Loom |
| 14:36 | Age | Castle Age |
| 15:01 | Build | Town Center |
| 15:22 | Build | Farm |
| 15:26 | Build | Farm |
| 15:42 | Create | Villager (Male) |
| 16:11 | Build | House |
| 16:12 | Build | House |
| 16:13 | Build | House |
| 16:20 | Create | Villager (Male) |
| 16:20 | Create | Villager (Male) |
| 16:21 | Create | Villager (Male) |
| 16:30 | Research | Gold Mining |
| 16:53 | Research | Bow Saw |
| 17:02 | Research | Heavy Plow |
| 17:37 | Create | Villager (Male) |
| 17:37 | Create | Villager (Male) |
| 17:37 | Create | Villager (Male) |
| 17:48 | Build | Monastery |
| 17:50 | Build | House |
| 17:51 | Build | House |
| 17:55 | Create | Villager (Male) |
| 18:10 | Create | Villager (Male) |
| 18:11 | Create | Villager (Male) |
| 18:16 | Build | Farm |
| 18:19 | Build | Farm |
| 18:27 | Build | Mining Camp |
| 18:31 | Create | Villager (Male) |
| 19:08 | Create | Villager (Male) |
| 19:09 | Create | Villager (Male) |
| 19:12 | Create | Monk |
| 19:25 | Research | Stone Mining |
| 19:28 | Create | Villager (Male) |
| 19:31 | Build | Farm |
| 19:33 | Build | Farm |
| 19:48 | Build | Farm |
| 19:52 | Build | Farm |
| 20:02 | Create | Villager (Male) |
| 20:03 | Create | Villager (Male) |
| 20:03 | Create | Villager (Male) |
| 20:57 | Build | University |
| 20:59 | Build | House |
| 21:00 | Build | House |
| 21:03 | Build | House |
| 22:08 | Create | Militia |
| 22:51 | Research | Imperial Age |
| 22:59 | Create | Villager (Male) |
| 23:00 | Create | Villager (Male) |
| 23:19 | Create | Villager (Male) |
| 23:19 | Create | Villager (Male) |
| 23:28 | Build | Siege Workshop |
| 24:04 | Research | Hand Cart |
| 24:06 | Research | Town Watch |
| 24:09 | Research | Fletching |
| 24:11 | Create | Villager (Male) |
| 24:25 | Build | Lumber Camp |
| 24:47 | Create | Villager (Male) |
| 24:48 | Create | Villager (Male) |
| 25:05 | Create | Villager (Male) |
| 25:06 | Create | Villager (Male) |
| 25:14 | Research | Padded Archer Armor |
| 25:19 | Create | Villager (Male) |
| 25:47 | Research | Ballistics |
| 25:54 | Create | Villager (Male) |
| 26:01 | Age | Imperial Age |
| 26:06 | Research | Chemistry |
| 26:07 | Research | Ballistics |
| 26:18 | Build | Castle |
| 26:31 | Create | Villager (Male) |
| 26:31 | Create | Villager (Male) |
| 26:37 | Build | House |
| 26:38 | Build | House |
| 26:39 | Build | House |
| 26:40 | Build | House |
| 26:43 | Build | House |
| 26:44 | Build | House |
| 26:45 | Build | House |
| 26:46 | Build | House |
| 26:47 | Build | House |
| 26:47 | Build | House |
| 26:49 | Build | Farm |
| 26:52 | Create | Villager (Male) |
| 26:53 | Create | Villager (Male) |
| 27:11 | Research | Two-Man Saw |
| 27:48 | Create | Bombard Cannon |
| 27:53 | Create | Genoese Crossbowman |
| 27:53 | Create | Genoese Crossbowman |
| 27:53 | Create | Genoese Crossbowman |
| 28:11 | Research | Bodkin Arrow |
| 28:12 | Research | Leather Archer Armor |
| 28:21 | Build | Siege Workshop |
| 28:30 | Research | Conscription |
| 28:40 | Create | Bombard Cannon |
| 28:48 | Build | Lumber Camp |
| 28:56 | Create | Genoese Crossbowman |
| 28:57 | Create | Genoese Crossbowman |
| 29:00 | Create | Villager (Male) |
| 29:01 | Create | Villager (Male) |
| 29:01 | Create | Villager (Male) |
Build order — Only llorar
First 150 of 345 actions detected
| 0:01 | Create | Villager (Male) |
| 0:01 | Create | Villager (Male) |
| 0:02 | Create | Villager (Male) |
| 0:02 | Create | Villager (Male) |
| 0:05 | Build | House |
| 0:07 | Build | House |
| 1:28 | Create | Villager (Male) |
| 1:29 | Create | Villager (Male) |
| 1:48 | Build | Lumber Camp |
| 2:02 | Create | Villager (Male) |
| 2:19 | Create | Villager (Male) |
| 2:34 | Build | House |
| 2:36 | Build | House |
| 2:54 | Create | Villager (Male) |
| 3:10 | Create | Villager (Male) |
| 4:04 | Create | Villager (Male) |
| 4:32 | Create | Villager (Male) |
| 4:32 | Create | Villager (Male) |
| 5:02 | Build | Mill |
| 5:14 | Create | Villager (Male) |
| 5:27 | Create | Villager (Male) |
| 5:57 | Create | Villager (Male) |
| 6:35 | Create | Villager (Male) |
| 6:48 | Create | Villager (Male) |
| 7:08 | Create | Villager (Male) |
| 7:29 | Create | Villager (Male) |
| 8:00 | Create | Villager (Male) |
| 8:04 | Build | Mining Camp |
| 8:25 | Create | Villager (Male) |
| 8:29 | Build | Farm |
| 8:34 | Build | Farm |
| 8:35 | Build | Farm |
| 8:50 | Research | Feudal Age |
| 9:38 | Create | Villager (Male) |
| 9:39 | Create | Villager (Male) |
| 9:46 | Build | House |
| 11:17 | Age | Feudal Age |
| 11:25 | Build | Market |
| 11:31 | Build | Blacksmith |
| 12:15 | Research | Castle Age |
| 12:22 | Build | Lumber Camp |
| 12:43 | Research | Double-Bit Axe |
| 13:05 | Research | Horse Collar |
| 14:15 | Build | House |
| 14:17 | Build | House |
| 14:42 | Create | Villager (Male) |
| 14:55 | Age | Castle Age |
| 14:57 | Research | Heavy Plow |
| 15:05 | Build | Town Center |
| 15:19 | Build | Town Center |
| 15:23 | Create | Villager (Male) |
| 15:38 | Build | Farm |
| 15:45 | Build | Farm |
| 16:09 | Build | Farm |
| 16:19 | Build | Farm |
| 16:21 | Create | Villager (Male) |
| 16:26 | Create | Villager (Male) |
| 16:32 | Create | Villager (Male) |
| 16:42 | Create | Villager (Male) |
| 16:50 | Build | Monastery |
| 16:55 | Build | Farm |
| 17:04 | Build | Farm |
| 17:06 | Build | Farm |
| 17:12 | Build | Farm |
| 17:12 | Create | Villager (Male) |
| 17:24 | Create | Villager (Male) |
| 17:28 | Build | Farm |
| 17:39 | Build | Farm |
| 17:44 | Create | Monk |
| 17:49 | Create | Villager (Male) |
| 17:49 | Create | Villager (Male) |
| 17:53 | Create | Villager (Male) |
| 17:57 | Build | Farm |
| 17:58 | Build | Farm |
| 17:59 | Build | Farm |
| 18:07 | Build | Farm |
| 18:11 | Build | Farm |
| 18:13 | Create | Villager (Male) |
| 18:13 | Create | Villager (Male) |
| 18:18 | Build | Farm |
| 18:24 | Create | Villager (Male) |
| 18:28 | Build | Farm |
| 18:29 | Create | Villager (Male) |
| 18:30 | Create | Villager (Male) |
| 18:49 | Build | Farm |
| 18:50 | Create | Villager (Male) |
| 18:58 | Create | Villager (Male) |
| 19:00 | Research | Loom |
| 19:10 | Build | Farm |
| 19:15 | Build | Farm |
| 19:16 | Create | Villager (Male) |
| 19:16 | Create | Villager (Male) |
| 19:20 | Build | Farm |
| 19:29 | Build | Farm |
| 19:33 | Build | Farm |
| 19:34 | Create | Villager (Male) |
| 19:34 | Create | Villager (Male) |
| 19:43 | Build | House |
| 19:45 | Create | Villager (Male) |
| 19:45 | Create | Villager (Male) |
| 19:47 | Build | Farm |
| 19:52 | Create | Villager (Male) |
| 19:53 | Create | Villager (Male) |
| 20:01 | Create | Villager (Male) |
| 20:02 | Create | Villager (Male) |
| 20:15 | Research | Bow Saw |
| 20:21 | Build | House |
| 20:27 | Create | Villager (Male) |
| 20:27 | Create | Villager (Male) |
| 20:41 | Research | Wheelbarrow |
| 20:41 | Research | Wheelbarrow |
| 20:46 | Build | Farm |
| 20:47 | Build | Farm |
| 20:48 | Create | Villager (Male) |
| 20:55 | Build | Farm |
| 20:55 | Create | Villager (Male) |
| 20:57 | Create | Villager (Male) |
| 21:10 | Create | Villager (Male) |
| 21:10 | Create | Villager (Male) |
| 21:14 | Build | House |
| 21:15 | Build | House |
| 21:16 | Build | House |
| 21:19 | Create | Villager (Male) |
| 21:19 | Create | Villager (Male) |
| 21:24 | Build | Farm |
| 21:25 | Build | Farm |
| 21:30 | Build | Mining Camp |
| 21:37 | Create | Villager (Male) |
| 21:37 | Create | Villager (Male) |
| 21:38 | Create | Villager (Male) |
| 21:44 | Create | Villager (Male) |
| 21:44 | Create | Villager (Male) |
| 21:56 | Build | Farm |
| 21:56 | Build | Farm |
| 21:57 | Create | Villager (Male) |
| 21:57 | Create | Villager (Male) |
| 22:15 | Research | Fletching |
| 22:35 | Build | Siege Workshop |
| 22:44 | Build | Siege Workshop |
| 22:49 | Research | Bodkin Arrow |
| 23:29 | Create | Scorpion |
| 23:29 | Create | Scorpion |
| 23:55 | Research | Hand Cart |
| 23:56 | Research | Town Watch |
| 24:02 | Build | House |
| 24:03 | Build | House |
| 24:03 | Build | House |
| 24:13 | Build | House |
| 24:14 | Build | House |
| 24:29 | Build | House |
Build order — bigil
First 150 of 484 actions detected
| 0:00 | Create | Villager (Male) |
| 0:01 | Create | Villager (Male) |
| 0:01 | Create | Villager (Male) |
| 0:04 | Build | House |
| 0:05 | Build | House |
| 0:56 | Create | Villager (Male) |
| 0:56 | Create | Villager (Male) |
| 0:56 | Create | Villager (Male) |
| 1:26 | Create | Villager (Male) |
| 1:26 | Create | Villager (Male) |
| 2:02 | Create | Villager (Male) |
| 2:03 | Create | Villager (Male) |
| 2:03 | Create | Villager (Male) |
| 2:45 | Create | Villager (Male) |
| 2:46 | Create | Villager (Male) |
| 3:06 | Create | Villager (Male) |
| 3:07 | Create | Villager (Male) |
| 3:16 | Build | House |
| 3:41 | Create | Villager (Male) |
| 3:41 | Create | Villager (Male) |
| 4:14 | Build | Lumber Camp |
| 4:28 | Create | Villager (Male) |
| 4:29 | Create | Villager (Male) |
| 4:29 | Create | Villager (Male) |
| 4:29 | Create | Villager (Male) |
| 5:13 | Create | Villager (Male) |
| 5:14 | Create | Villager (Male) |
| 5:14 | Create | Villager (Male) |
| 5:42 | Create | Villager (Male) |
| 5:42 | Create | Villager (Male) |
| 5:48 | Build | Mill |
| 6:04 | Build | House |
| 7:17 | Research | Feudal Age |
| 7:22 | Build | Mining Camp |
| 7:52 | Create | Villager (Male) |
| 7:52 | Create | Villager (Male) |
| 7:53 | Create | Villager (Male) |
| 8:08 | Create | Villager (Male) |
| 8:08 | Create | Villager (Male) |
| 8:09 | Create | Villager (Male) |
| 9:31 | Age | Feudal Age |
| 9:33 | Create | Villager (Male) |
| 9:33 | Create | Villager (Male) |
| 9:45 | Build | Blacksmith |
| 10:05 | Build | Market |
| 11:32 | Research | Castle Age |
| 11:32 | Research | Castle Age |
| 11:52 | Build | Farm |
| 11:57 | Build | Farm |
| 12:15 | Research | Double-Bit Axe |
| 12:15 | Research | Double-Bit Axe |
| 12:34 | Build | Farm |
| 12:49 | Build | House |
| 13:41 | Research | Loom |
| 14:12 | Age | Castle Age |
| 14:13 | Create | Villager (Male) |
| 14:13 | Create | Villager (Male) |
| 14:31 | Create | Villager (Male) |
| 14:31 | Create | Villager (Male) |
| 14:38 | Build | Farm |
| 15:10 | Build | Castle |
| 15:45 | Build | Farm |
| 16:39 | Create | Villager (Male) |
| 16:39 | Create | Villager (Male) |
| 16:39 | Create | Villager (Male) |
| 16:47 | Build | Mining Camp |
| 16:55 | Build | Farm |
| 17:04 | Research | Horse Collar |
| 17:04 | Research | Horse Collar |
| 17:44 | Research | Gold Mining |
| 17:44 | Research | Gold Mining |
| 17:48 | Create | Mangudai |
| 17:55 | Build | Farm |
| 18:03 | Build | Town Center |
| 18:13 | Create | Mangudai |
| 18:31 | Create | Villager (Male) |
| 18:31 | Create | Villager (Male) |
| 18:45 | Create | Villager (Male) |
| 18:45 | Create | Villager (Male) |
| 20:11 | Create | Villager (Male) |
| 20:11 | Create | Villager (Male) |
| 20:11 | Create | Villager (Male) |
| 20:11 | Create | Villager (Male) |
| 20:12 | Create | Villager (Male) |
| 20:20 | Build | Farm |
| 20:22 | Build | Farm |
| 20:24 | Build | Farm |
| 20:32 | Build | Lumber Camp |
| 20:40 | Create | Villager (Male) |
| 21:00 | Create | Petard |
| 21:00 | Create | Petard |
| 21:05 | Create | Villager (Male) |
| 21:05 | Create | Villager (Male) |
| 21:11 | Build | Farm |
| 21:27 | Create | Mangudai ×5 |
| 21:27 | Create | Mangudai ×5 |
| 21:30 | Create | Villager (Male) |
| 21:30 | Create | Villager (Male) |
| 21:41 | Build | House |
| 21:41 | Build | House |
| 21:41 | Build | House |
| 21:42 | Build | House |
| 22:09 | Build | Town Center |
| 22:15 | Create | Villager (Male) |
| 22:15 | Create | Villager (Male) |
| 22:15 | Create | Villager (Male) |
| 22:15 | Create | Villager (Male) |
| 22:16 | Create | Villager (Male) |
| 22:30 | Build | Farm |
| 22:31 | Build | Farm |
| 23:04 | Create | Mangudai ×5 |
| 23:13 | Research | Fletching |
| 23:13 | Research | Fletching |
| 24:17 | Create | Villager (Male) |
| 24:17 | Create | Villager (Male) |
| 24:17 | Create | Villager (Male) |
| 24:18 | Create | Villager (Male) |
| 24:18 | Create | Villager (Male) |
| 24:18 | Create | Villager (Male) |
| 24:22 | Build | Farm |
| 24:23 | Build | Farm |
| 24:26 | Build | Farm |
| 24:27 | Build | Farm |
| 24:33 | Research | Bow Saw |
| 24:34 | Research | Bow Saw |
| 25:10 | Create | Villager (Male) |
| 25:11 | Create | Villager (Male) |
| 25:11 | Create | Villager (Male) |
| 25:11 | Create | Villager (Male) |
| 25:11 | Create | Villager (Male) |
| 25:25 | Create | Villager (Male) ×2 |
| 25:36 | Build | Farm |
| 25:37 | Build | Farm |
| 25:37 | Build | Farm |
| 25:37 | Build | Farm |
| 25:37 | Build | Farm |
| 25:37 | Build | Farm |
| 25:38 | Build | Farm |
| 25:38 | Build | Farm |
| 25:51 | Create | Villager (Male) |
| 25:52 | Create | Villager (Male) |
| 25:52 | Create | Villager (Male) |
| 25:52 | Create | Villager (Male) |
| 26:18 | Create | Villager (Male) |
| 26:18 | Create | Villager (Male) |
| 26:18 | Create | Villager (Male) |
| 26:22 | Build | Farm |
| 26:24 | Build | Farm |
| 27:22 | Create | Villager (Male) |
| 27:22 | Create | Villager (Male) |
Build order — Eclipse
First 150 of 390 actions detected
| 0:03 | Create | Villager (Male) |
| 0:03 | Create | Villager (Male) |
| 0:03 | Create | Villager (Male) |
| 0:04 | Build | House |
| 0:06 | Build | House |
| 0:30 | Create | Villager (Male) |
| 1:13 | Create | Villager (Male) |
| 1:55 | Create | Villager (Male) |
| 2:22 | Create | Villager (Male) |
| 2:49 | Create | Villager (Male) |
| 3:07 | Create | Villager (Male) |
| 3:09 | Build | House |
| 3:49 | Create | Villager (Male) |
| 4:02 | Create | Villager (Male) |
| 4:11 | Build | House |
| 4:27 | Create | Villager (Male) |
| 4:57 | Create | Villager (Male) |
| 4:58 | Create | Villager (Male) |
| 5:27 | Create | Villager (Male) |
| 5:27 | Create | Villager (Male) |
| 5:37 | Create | Villager (Male) |
| 5:41 | Build | Lumber Camp |
| 5:50 | Build | Mill |
| 6:15 | Create | Villager (Male) |
| 6:16 | Create | Villager (Male) |
| 6:30 | Research | Loom |
| 6:47 | Create | Villager (Male) |
| 6:47 | Create | Villager (Male) |
| 7:20 | Create | Villager (Male) |
| 7:37 | Build | House |
| 7:40 | Create | Villager (Male) |
| 8:33 | Build | Mining Camp |
| 8:46 | Create | Villager (Male) |
| 8:49 | Research | Feudal Age |
| 9:37 | Build | House |
| 9:45 | Build | House |
| 9:46 | Build | House |
| 10:50 | Create | Villager (Male) |
| 10:59 | Age | Feudal Age |
| 11:03 | Build | Market |
| 11:07 | Build | Blacksmith |
| 11:11 | Build | Stone Wall |
| 11:12 | Build | Gate |
| 11:16 | Create | Villager (Male) |
| 11:32 | Build | House |
| 11:33 | Build | House |
| 11:41 | Create | Villager (Male) |
| 11:45 | Build | Mining Camp |
| 11:50 | Create | Villager (Male) |
| 11:56 | Research | Horse Collar |
| 12:36 | Create | Villager (Male) |
| 12:55 | Create | Villager (Male) |
| 13:02 | Build | Farm |
| 13:02 | Build | Farm |
| 13:08 | Build | Farm |
| 13:09 | Build | Farm |
| 13:11 | Create | Villager (Male) |
| 13:42 | Create | Villager (Male) |
| 14:03 | Build | Farm |
| 14:04 | Build | Farm |
| 14:12 | Build | Farm |
| 14:12 | Build | Farm |
| 14:14 | Create | Villager (Male) |
| 14:40 | Create | Villager (Male) |
| 14:51 | Build | Farm |
| 14:56 | Build | Farm |
| 14:59 | Create | Villager (Male) |
| 15:02 | Build | Farm |
| 15:13 | Build | Farm |
| 15:24 | Create | Villager (Male) |
| 16:04 | Create | Villager (Male) |
| 16:04 | Create | Villager (Male) |
| 16:10 | Build | Farm |
| 16:11 | Build | Farm |
| 16:11 | Build | Farm |
| 16:17 | Build | Farm |
| 16:30 | Build | House |
| 16:32 | Build | Gate |
| 16:35 | Build | Stone Wall |
| 16:35 | Build | Stone Wall |
| 16:43 | Build | Stone Wall |
| 16:45 | Build | Stone Wall |
| 16:52 | Create | Villager (Male) |
| 16:52 | Create | Villager (Male) |
| 16:58 | Create | Villager (Male) |
| 17:07 | Build | Farm |
| 17:40 | Build | Barracks |
| 17:49 | Build | Mill |
| 17:50 | Build | Farm |
| 17:52 | Build | Farm |
| 17:54 | Build | Farm |
| 17:58 | Build | Farm |
| 18:20 | Research | Castle Age |
| 18:38 | Build | Watch Tower |
| 19:06 | Research | Stone Mining |
| 20:23 | Research | Wheelbarrow |
| 20:23 | Research | Town Watch |
| 20:26 | Research | Gold Mining |
| 20:45 | Build | Farm |
| 20:46 | Build | Farm |
| 20:46 | Build | Farm |
| 20:47 | Build | Farm |
| 21:00 | Age | Castle Age |
| 21:05 | Create | Villager (Male) |
| 21:06 | Create | Villager (Male) |
| 21:10 | Build | Town Center |
| 22:03 | Create | Villager (Male) |
| 22:04 | Create | Villager (Male) |
| 22:19 | Create | Villager (Male) |
| 22:20 | Create | Villager (Male) |
| 22:20 | Create | Villager (Male) |
| 23:02 | Build | Town Center |
| 23:14 | Build | Castle |
| 23:26 | Build | House |
| 24:05 | Research | Fletching |
| 24:36 | Research | Imperial Age |
| 24:38 | Create | Villager (Male) |
| 25:02 | Create | Villager (Male) |
| 25:14 | Create | Villager (Male) |
| 25:14 | Create | Villager (Male) |
| 25:15 | Create | Villager (Male) |
| 25:15 | Create | Villager (Male) |
| 25:18 | Build | Farm |
| 25:19 | Build | Farm |
| 25:19 | Build | Farm |
| 25:20 | Build | Farm |
| 25:24 | Build | Farm |
| 25:25 | Build | Farm |
| 25:26 | Build | Farm |
| 25:27 | Build | Farm |
| 25:49 | Build | University |
| 26:03 | Build | Stone Wall |
| 26:11 | Build | Stone Wall |
| 26:13 | Research | Gold Shaft Mining |
| 26:17 | Create | Villager (Male) |
| 26:17 | Create | Villager (Male) |
| 26:18 | Create | Villager (Male) |
| 26:18 | Create | Villager (Male) |
| 26:18 | Create | Villager (Male) |
| 26:31 | Create | Villager (Male) |
| 26:31 | Create | Villager (Male) |
| 26:31 | Create | Villager (Male) |
| 26:32 | Create | Villager (Male) |
| 27:44 | Create | Villager (Male) |
| 27:44 | Create | Villager (Male) |
| 27:45 | Create | Villager (Male) |
| 27:46 | Age | Imperial Age |
| 27:49 | Research | Hand Cart |
| 27:55 | Create | Trebuchet (Packed) |
| 28:22 | Create | Villager (Male) |
Build order — djsuperguillermo
First 150 of 339 actions detected
| 0:04 | Create | Villager (Male) |
| 0:04 | Create | Villager (Male) |
| 0:04 | Create | Villager (Male) |
| 0:04 | Create | Villager (Male) |
| 0:05 | Create | Villager (Male) |
| 0:05 | Create | Villager (Male) |
| 0:06 | Build | House |
| 0:09 | Build | House |
| 1:30 | Create | Villager (Male) |
| 1:30 | Create | Villager (Male) |
| 1:30 | Create | Villager (Male) |
| 1:30 | Create | Villager (Male) |
| 1:55 | Build | Lumber Camp |
| 2:09 | Create | Villager (Male) |
| 2:09 | Create | Villager (Male) |
| 2:09 | Create | Villager (Male) |
| 2:10 | Create | Villager (Male) |
| 2:32 | Create | Villager (Male) |
| 2:33 | Create | Villager (Male) |
| 2:33 | Create | Villager (Male) |
| 3:04 | Create | Villager (Male) |
| 3:04 | Create | Villager (Male) |
| 3:05 | Create | Villager (Male) |
| 3:05 | Create | Villager (Male) |
| 3:46 | Create | Villager (Male) |
| 3:47 | Create | Villager (Male) |
| 3:47 | Create | Villager (Male) |
| 3:47 | Create | Villager (Male) |
| 3:47 | Create | Villager (Male) |
| 4:05 | Build | House |
| 4:05 | Build | House |
| 4:06 | Build | House |
| 4:08 | Build | House |
| 4:31 | Create | Villager (Male) |
| 4:32 | Create | Villager (Male) |
| 5:14 | Create | Villager (Male) |
| 5:14 | Create | Villager (Male) |
| 5:15 | Create | Villager (Male) |
| 5:15 | Create | Villager (Male) |
| 5:15 | Create | Villager (Male) |
| 5:48 | Create | Villager (Male) |
| 5:48 | Create | Villager (Male) |
| 5:49 | Create | Villager (Male) |
| 5:52 | Build | Mill |
| 6:44 | Create | Villager (Male) |
| 6:44 | Create | Villager (Male) |
| 6:44 | Create | Villager (Male) |
| 6:45 | Create | Villager (Male) |
| 6:49 | Build | Farm |
| 6:50 | Build | Farm |
| 6:52 | Build | Farm |
| 6:53 | Build | Farm |
| 7:15 | Create | Villager (Male) |
| 7:15 | Create | Villager (Male) |
| 7:22 | Build | Farm |
| 8:20 | Build | Mining Camp |
| 8:25 | Create | Villager (Male) |
| 8:25 | Create | Villager (Male) |
| 8:50 | Build | Farm |
| 9:25 | Research | Feudal Age |
| 9:34 | Build | Mining Camp |
| 10:08 | Create | Villager (Male) |
| 10:08 | Create | Villager (Male) |
| 10:08 | Create | Villager (Male) |
| 10:18 | Build | House |
| 12:24 | Age | Feudal Age |
| 12:29 | Build | Market |
| 12:31 | Build | Blacksmith |
| 13:25 | Build | Farm |
| 13:30 | Research | Castle Age |
| 14:45 | Research | Double-Bit Axe |
| 14:53 | Research | Horse Collar |
| 15:12 | Build | Farm |
| 16:19 | Age | Castle Age |
| 16:31 | Build | Siege Workshop |
| 16:38 | Build | Castle |
| 17:07 | Build | Farm |
| 17:09 | Build | Farm |
| 17:12 | Build | Farm |
| 17:14 | Build | Farm |
| 17:43 | Create | Petard |
| 17:43 | Create | Petard |
| 17:45 | Create | Battering Ram |
| 17:49 | Create | Serjeant |
| 17:49 | Create | Serjeant |
| 17:49 | Create | Serjeant |
| 17:52 | Research | Forging |
| 17:56 | Create | Villager (Male) |
| 17:56 | Create | Villager (Male) |
| 17:56 | Create | Villager (Male) |
| 18:08 | Create | Villager (Male) |
| 18:08 | Create | Villager (Male) |
| 18:08 | Create | Villager (Male) |
| 18:18 | Create | Battering Ram |
| 18:52 | Create | Serjeant |
| 19:12 | Create | Battering Ram |
| 19:21 | Create | Serjeant |
| 19:24 | Create | Serjeant |
| 19:26 | Create | Serjeant |
| 19:29 | Create | Serjeant |
| 19:49 | Create | Battering Ram |
| 19:56 | Create | Serjeant |
| 20:04 | Build | House |
| 20:15 | Create | Serjeant |
| 20:31 | Create | Serjeant |
| 20:31 | Create | Serjeant |
| 20:31 | Create | Serjeant |
| 21:06 | Create | Serjeant |
| 21:06 | Create | Serjeant |
| 21:15 | Create | Battering Ram |
| 21:17 | Create | Battering Ram |
| 21:36 | Create | Serjeant |
| 21:37 | Create | Serjeant |
| 21:37 | Create | Serjeant |
| 21:49 | Build | House |
| 21:51 | Build | House |
| 21:53 | Build | House |
| 21:57 | Build | Farm |
| 23:23 | Create | Serjeant |
| 23:23 | Create | Serjeant |
| 23:24 | Create | Serjeant |
| 23:24 | Create | Serjeant |
| 23:27 | Create | Battering Ram |
| 23:28 | Create | Battering Ram |
| 24:50 | Research | Iron Casting |
| 24:51 | Research | Scale Mail Armor |
| 25:01 | Build | Town Center |
| 25:08 | Build | Town Center |
| 27:17 | Create | Villager (Male) |
| 27:17 | Create | Villager (Male) |
| 27:17 | Create | Villager (Male) |
| 27:18 | Create | Villager (Male) |
| 27:19 | Create | Villager (Male) |
| 27:19 | Create | Villager (Male) |
| 27:24 | Create | Villager (Male) |
| 27:24 | Create | Villager (Male) |
| 27:24 | Create | Villager (Male) |
| 27:48 | Build | Farm |
| 27:50 | Build | Farm |
| 27:51 | Build | Farm |
| 27:56 | Build | Farm |
| 27:57 | Build | Farm |
| 28:01 | Build | Farm |
| 28:02 | Build | Farm |
| 28:11 | Build | Farm |
| 28:11 | Build | Farm |
| 28:12 | Build | Farm |
| 28:12 | Build | Farm |
| 28:12 | Build | Farm |
| 28:12 | Build | Farm |
Match timeline
| 8:05 | beNi · first_building Barracks |
| 9:31 | bigil · age_up feudal |
| 9:40 | Pépé · age_up feudal |
| 10:02 | beNi · age_up feudal |
| 10:54 | Mecánico · age_up feudal |
| 10:59 | Eclipse · age_up feudal |
| 11:11 | Eclipse · wall_segment Stone Wall x2 |
| 11:17 | Only llorar · age_up feudal |
| 11:30 | bigil · first_market_sell 100 stone |
| 11:33 | beNi · first_building Stable |
| 12:17 | malabarr7 · age_up feudal |
| 12:24 | djsuperguillermo · age_up feudal |
| 13:29 | Pépé · first_building Barracks |
| 13:50 | Mecánico · age_up castle |
| 13:54 | Mecánico · first_building Monastery |
| 13:59 | Only llorar · first_market_sell 100 wood |
| 14:00 | Only llorar · first_market_buy 100 food |
| 14:12 | bigil · age_up castle |
| 14:14 | beNi · first_market_buy 100 food |
| 14:16 | beNi · first_market_sell 100 wood |
| 14:33 | malabarr7 · first_market_buy 100 food |
| 14:36 | Pépé · age_up castle |
| 14:55 | Only llorar · age_up castle |
| 15:10 | bigil · first_building Castle |
| 16:19 | djsuperguillermo · age_up castle |
| 16:31 | djsuperguillermo · first_building Siege Workshop |
| 16:35 | Eclipse · wall_segment Stone Wall x1 |
| 16:35 | Eclipse · wall_segment Stone Wall x1 |
| 16:38 | djsuperguillermo · first_building Castle |
| 16:43 | Eclipse · wall_segment Stone Wall x3 |
| 16:45 | Eclipse · wall_segment Stone Wall x9 |
| 16:50 | Only llorar · first_building Monastery |
| 17:00 | Pépé · first_market_buy 100 wood |
| 17:17 | beNi · age_up castle |
| 17:40 | Eclipse · first_building Barracks |
| 17:48 | Pépé · first_building Monastery |
| 18:02 | malabarr7 · age_up castle |
| 18:46 | beNi · first_building Monastery |
| 19:33 | beNi · first_building Archery Range |
| 20:27 | beNi · first_building Siege Workshop |
| 21:00 | Eclipse · age_up castle |
| 21:41 | malabarr7 · first_building Barracks |
| 22:09 | Mecánico · first_building Stable |
| 22:35 | Only llorar · first_building Siege Workshop |
| 23:08 | malabarr7 · first_building Stable |
| 23:14 | Eclipse · first_building Castle |
| 23:28 | Pépé · first_building Siege Workshop |
| 26:01 | Pépé · age_up imperial |
| 26:03 | Eclipse · wall_segment Stone Wall x5 |
| 26:11 | Eclipse · wall_segment Stone Wall x4 |
| 26:18 | Pépé · first_building Castle |
| 26:33 | malabarr7 · first_market_sell 100 wood |
| 27:03 | malabarr7 · first_building Monastery |
| 27:46 | Eclipse · age_up imperial |
| 27:52 | bigil · first_building Monastery |
| 28:00 | Mecánico · first_building Castle |
| 28:22 | bigil · first_building Barracks |
| 28:28 | bigil · first_market_buy 100 food |
| 29:08 | Mecánico · first_market_sell 100 food |
| 29:18 | Pépé · first_market_sell 100 stone |
| 29:47 | Mecánico · tribute_sent a jugador 1 |
| 29:47 | Mecánico · tribute_sent a jugador 2 |
| 29:47 | Mecánico · tribute_sent a jugador 4 |
| 29:47 | Mecánico · tribute_sent a jugador 5 |
| 29:47 | Mecánico · tribute_sent a jugador 6 |
| 29:47 | Mecánico · tribute_sent a jugador 7 |
| 29:47 | Mecánico · tribute_sent a jugador 8 |
| 30:06 | bigil · first_building Stable |
| 30:13 | Mecánico · first_building Siege Workshop |
| 30:28 | djsuperguillermo · first_building Barracks |
| 31:03 | beNi · age_up imperial |
| 31:57 | djsuperguillermo · first_building Archery Range |
| 32:08 | Eclipse · first_market_sell 500 stone |
| 32:13 | malabarr7 · age_up imperial |
| 32:16 | Only llorar · first_building Barracks |
| 32:20 | Mecánico · age_up imperial |
| 32:40 | Pépé · first_building Stable |
| 33:00 | Only llorar · age_up imperial |
| 33:30 | beNi · first_building Castle |
| 34:00 | bigil · age_up imperial |
| 35:44 | Only llorar · first_building Castle |
| 35:59 | malabarr7 · first_building Castle |
| 37:14 | djsuperguillermo · age_up imperial |
| 38:10 | malabarr7 · first_building Archery Range |
| 42:08 | bigil · first_building Siege Workshop |
| 42:29 | djsuperguillermo · resign |
| 43:23 | bigil · first_building Archery Range |
| 45:44 | Eclipse · first_market_buy 100 stone |
| 50:19 | Eclipse · first_building Siege Workshop |
[ AI ANALYSIS · 1 CREDIT ]
What really happened in this match?
Wolo.gg analyzes every decision: build order, eco, micro, common mistakes by bracket. Personalized analysis on WhatsApp or Discord in 30 seconds.
Civ guide
Khmer
Perfil
Jugador #4873458